Map: 에버 드림 - 래더

Players

Stats - Winner!

  • Race: Protoss Protoss
  • League: Master
  • Spawn Location: 7:00

Bunny

  • Race: Terran Terran
  • Spawn Location: 1:00

Event: StayAtHomestory Cup #2

VOD

Have the link to the VOD?

Description

Time

  • Played on: June 12, 2020, 3:31 p.m.
  • Length: 11:43

All games in this series

Show
View Real Time Build Order
Export as new Build Order

Stats Protoss - Winner!

Build Orders: 1 Gate Expand, Blink Stalkers 

Get SALT Encoding   

  12  0:01  Probe  
  13  0:13  Probe  
  14  0:17  Pylon  
  14  0:24  Probe  
  15  0:32  Probe  
  15  0:37  Gateway  
  15  0:40  Probe  
  16  0:46  Assimilator  
  17  0:51  Probe  
  18  1:03  Probe  
  19  1:15  Probe  
  20  1:24  Cybernetics Core  
  20  1:32  Nexus  
  20  1:37  Zealot  
  22  1:45  Pylon  
  22  1:47  Probe  
  23  1:52  Assimilator  
  23  1:54  Stalker  
  23  2:03  Probe  
  23  2:06  Warp Gate  
  26  2:14  Stalker  
  26  2:15  Probe  
  27  2:27  Probe  
  27  2:29  Shield Battery  
  30  2:39  Probe  
  30  2:41  Twilight Council  
  30  2:42  Probe  
  31  2:50  Probe  
  32  2:52  Probe  
  34  3:00  Probe  
  34  3:04  Probe  
  36  3:09  Robotics Facility  
  36  3:11  Blink  
  36  3:19  Probe  
  37  3:28  Probe  
  37  3:29  Gateway  
  37  3:31  Probe  
  39  3:40  Probe  
  38  3:46  Warp Prism  
  38  3:54  Probe x2  
  38  3:55  Stalker  
  38  4:01  Pylon  
  40  4:03  Gateway  
  40  4:04  Gateway  
  40  4:07  Probe  
  40  4:08  Probe  
  42  4:12  Assimilator  
  42  4:18  Stalker  
  42  4:23  Observer  
  45  4:24  Stalker  
  45  4:25  Probe x2  
  43  4:47  Probe  
  43  4:48  Probe  
  45  4:53  Stalker  
  45  4:54  Stalker  
  45  4:55  Pylon  
  45  4:57  Stalker  
  45  4:59  Observer  
  53  5:00  Probe x2  
  54  5:07  Pylon  
  54  5:13  Probe x2  
  56  5:20  Stalker x3  
  59  5:39  Probe x2  
  59  5:41  Stalker  
  63  5:44  Stalker x2  
  63  5:47  Pylon  
  63  5:48  Observer  
  66  5:52  Probe x2  
  66  5:56  Pylon  
  68  5:57  Observer  
  56  6:08  Stalker x4  
  64  6:11  Probe x2  
  64  6:13  Assimilator  
  64  6:15  Pylon  
  66  6:24  Observer  
  66  6:34  Probe x2  
  66  6:37  Robotics Bay  
  68  6:52  Probe x2  
  70  7:02  Nexus  
  70  7:03  Stalker x4, Pylon  
  76  7:13  Probe x2  
  78  7:16  Colossus  
  78  7:21  Extended Thermal Lance  
  78  7:23  Pylon  
  78  7:25  Probe x2  
  85  7:39  Zealot x2  
  85  7:40  Sentry  
  85  7:41  Zealot  
  85  7:43  Shield Battery  
  93  7:57  Pylon  
  93  7:59  Pylon, Colossus  
  91  8:06  Sentry, Zealot x2  
  91  8:07  Zealot  
  91  8:12  Shield Battery x2  
  103  8:35  Stalker  
  103  8:36  Stalker x3  
  111  8:47  Pylon  
  111  8:49  Pylon  
  117  8:57  Robotics Facility  
  115  9:03  Zealot x4  
  118  9:29  Stalker, Zealot x3  
  116  9:31  Charge  
  116  9:41  Colossus  
  118  9:55  Pylon  
  118  9:56  Pylon  
  118  9:57  Shield Battery  
  118  9:58  Pylon  
  118  9:59  Shield Battery  
  116  10:00  Pylon  
  114  10:23  Zealot  
  116  10:30  Shield Battery, Colossus  
  122  10:40  Gateway  
  122  10:42  Gateway  
  115  10:44  Gateway  
  114  10:52  Nexus  
  104  11:12  Zealot  
  108  11:37  Zealot x3  
Show
View Real Time Build Order
Export as new Build Order

Bunny Terran 

Build Orders: Liberator Opening 

Get SALT Encoding   

  12  0:00  SCV  
  13  0:13  SCV  
  14  0:17  Supply Depot  
  14  0:25  SCV  
  15  0:39  SCV  
  15  0:40  Barracks  
  16  0:45  Refinery  
  16  0:51  SCV  
  16  0:56  Refinery  
  17  1:03  SCV  
  18  1:15  SCV  
  19  1:27  Reaper, Orbital Command  
  19  1:31  Supply Depot  
  20  1:46  Factory  
  20  1:53  SCV  
  21  1:59  Reaper  
  22  2:05  SCV  
  23  2:17  SCV  
  24  2:23  Command Center  
  24  2:29  SCV  
  25  2:34  Factory Reactor  
  25  2:37  Starport  
  25  2:41  SCV  
  26  2:46  Supply Depot  
  26  2:53  SCV  
  27  3:05  SCV  
  27  3:11  Hellion x2  
  32  3:18  SCV  
  32  3:24  Medivac  
  32  3:25  Barracks Tech Lab  
  32  3:32  Hellion x2  
  36  3:40  SCV  
  35  3:54  SCV  
  33  3:59  Liberator  
  36  4:03  Supply Depot  
  36  4:06  Siege Tank  
  36  4:08  Barracks  
  39  4:16  Orbital Command  
  39  4:20  SCV  
  40  4:26  Marine x2  
  40  4:34  SCV  
  41  4:45  SCV  
  38  4:46  SCV, Marine x2, Siege Tank  
  47  4:55  Barracks Tech Lab  
  47  4:56  Starport Tech Lab, Barracks  
  47  4:57  SCV  
  47  4:58  SCV  
  46  5:04  Bunker  
  46  5:05  Marine x2  
  46  5:13  SCV x2  
  47  5:15  Stimpack  
  47  5:18  Marine  
  51  5:21  Siege Tank  
  51  5:33  SCV x2  
  51  5:35  Supply Depot  
  53  5:36  Marine x3  
  53  5:39  Starport Reactor  
  56  5:45  SCV x2  
  58  5:53  Siege Tank  
  58  5:54  Marine  
  58  5:56  Marine x2  
  64  5:58  Supply Depot x2  
  64  6:02  SCV x2  
  60  6:07  Marine  
  60  6:09  Combat Shield  
  61  6:19  Medivac  
  61  6:21  Refinery, Marine  
  64  6:30  Marine x2  
  65  6:32  Marine  
  65  6:39  Supply Depot, Marine  
  65  6:43  Siege Tank  
  65  6:45  SCV x2  
  68  6:48  Marine  
  68  6:51  Supply Depot  
  64  7:01  SCV x2  
  64  7:02  Medivac, Marine  
  64  7:03  Marine x2  
  71  7:15  Siege Tank  
  74  7:17  SCV x2  
  74  7:19  Supply Depot  
  74  7:21  Marine x2  
  78  7:23  Marine  
  78  7:24  Marine  
  78  7:40  Marine x2  
  78  7:41  Marine x2  
  74  7:58  Marine x2  
  74  7:59  Marine x2  
  71  8:05  Siege Tank  
  74  8:15  Marine  
  74  8:16  Marine  
  74  8:17  Marine x2  
  78  8:26  Bunker x2  
  78  8:29  Viking  
  80  8:41  Siege Tank  
  79  8:54  Marauder x2  
  82  9:02  Marine x2  
  80  9:03  Orbital Command  
  77  9:14  Bunker  
  77  9:16  Marine x2  
  74  9:24  Marine  
  44  9:59  Orbital Command  
  44  10:07  Liberator  
  47  10:21  Orbital Command  
Tags
 
Add a new tag
Caveats
  • Supply blocks, unpowered buildings, or Contaminate may cause inaccurate times.
  • Supply counts are checked every 10 seconds.